 Dungeon Crawl Stone Soup version 0.30-a0-390-g80c34de65d (webtiles) character file.

Game seed: 15526489826868984816

975 bande the Chopper (level 8, 0/48 HPs)
             Began as a Gargoyle Fighter on Dec 5, 2022.
             Slain by Pikel
             ... wielding a +1 whip of freezing
              (2 damage)
             ... on level 5 of the Dungeon.
             The game lasted 00:07:48 (5339 turns).

bande the Chopper (Gargoyle Fighter)                Turns: 5339, Time: 00:07:49

Health: 0/48       AC: 16    Str: 20    XL:     8   Next: 16%
Magic:  8/8        EV:  7    Int:  9    God:
Gold:   337        SH:  5    Dex: 11    Spells: 7/7 levels left

rFire   . . .      SeeInvis +    a - +0 war axe
rCold   . . .      Faith    .    c - +0 buckler
rNeg    + . .      Spirit   .    k - +0 chain mail
rPois   ∞          Reflect  .    p - +0 helmet
rElec   +          Harm     .    (no cloak)
rCorr   .          Rampage  .    (no gloves)
Will    .....                    (no boots)
Stlth   ..........               (no amulet)
HPRegen 0.28/turn                r - ring of see invisible
MPRegen 0.11/turn                (no ring)

@: mighty
A: sickness immunity, AC +5, negative energy resistance 1, electricity
resistance, torment resistance 1, petrification resistance
a: no special abilities


You were on level 5 of the Dungeon.
You visited 2 branches of the dungeon, and saw 6 of its levels.

You collected 337 gold pieces.

Inventory:

Hand Weapons
 a - a +0 war axe (weapon)
 n - a +0 flail
 u - a +0 war axe
Armour
 c - a +0 buckler (worn)
 k - a +0 chain mail (worn)
 p - a +0 helmet (worn)
Jewellery
 e - an amulet of the acrobat
 r - a ring of see invisible (left hand)
Wands
 s - a wand of paralysis (10)
Scrolls
 b - 3 scrolls of silence
 l - 2 scrolls of poison
 t - 2 scrolls of magic mapping
Potions
 d - a potion of might
 f - 7 potions of curing
 g - a potion of lignification {unknown}
 h - 2 potions of berserk rage {unknown}
 i - 2 potions of brilliance
 j - a potion of attraction {unknown}
 m - 2 potions of magic {unknown}
 o - a potion of haste {unknown}
 q - a potion of mutation {unknown}


   Skills:
 + Level 4.7 Fighting
 + Level 6.1 Axes
 + Level 5.4 Armour
 + Level 4.8 Shields
 * Level 2.0 Evocations


You had 7 spell levels left.
You didn't know any spells.
Your spell library contained the following spells:

 Spells                   Type           Power      Damage    Failure   Level
 Necrotise                Necr           0%         1d4       99%         1
 Poisonous Vapours        Pois/Air       0%         N/A       100%        2
 Mephitic Cloud           Conj/Pois/Air  0%         N/A       100%        3
 Vampiric Draining        Necr           0%         2d6       100%        3
 Agony                    Necr           0%         N/A       100%        5
 Cigotuvi's Dreadful Rot  Necr/Pois/Air  Unusable   N/A       N/A         2

Dungeon Overview and Level Annotations

Branches:
Dungeon (5/15)             Temple (1/1) D:4

Altars:
Cheibriados
Dithmenos
Elyvilon
Fedhas
Gozag
Hepliaklqana
Kikubaaqudgha
Nemelex Xobeh
Qazlal
Ru
Sif Muna
Trog
Uskayaw
Vehumet
Xom
Yredelemnul
Zin
The Shining One

Annotations:
D:5 Pikel


Innate Abilities, Weirdness & Mutations

You are immune to sickness and miasma.
Your stone body is resilient. (AC +5)
You are immune to poison.
You resist negative energy. (rN+)
You are resistant to electric shocks. (rElec)
You are resistant to unholy torment.
You are immune to petrification.


Message History

Unknown command.
You feel better. The lemure barely misses you.
The lemure hits you but does no damage. The lemure completely misses you.
Pikel barely misses you.
You feel very mighty all of a sudden. The lemure completely misses you.
The lemure barely misses you. You block the lemure's attack.
Pikel hits you with a +1 whip of freezing.
* * * LOW HITPOINT WARNING * * *
Pikel freezes you.
* * * LOW HITPOINT WARNING * * *
You barely miss Pikel.
Pikel is moderately wounded.
You hit the lemure. You slash the lemure! x2
The lemure hits you but does no damage. x2; The lemure closely misses you.
You block Pikel's attack.
Unknown command.
You barely miss Pikel.
Pikel is moderately wounded.
You closely miss the lemure. You slash the lemure! You barely miss the lemure.
You block the lemure's attack. The lemure hits you but does no damage.
Pikel hits you with a +1 whip of freezing.
* * * LOW HITPOINT WARNING * * *
Pikel freezes you.
* * * LOW HITPOINT WARNING * * *
The lemure barely misses you.
You hit Pikel.
Pikel is moderately wounded.
You miss the lemure. You barely miss the lemure. x2
The lemure hits you but does no damage. You block the lemure's attack.
Pikel completely misses you. The lemure hits you.
* * * LOW HITPOINT WARNING * * *
The lemure hits you but does no damage. Pikel hits you but does no damage.
The lemure barely misses you. The lemure hits you but does no damage.
You closely miss Pikel.
Pikel is moderately wounded.
You closely miss the lemure. You barely miss the lemure. You hit the lemure.
The lemure closely misses you. The lemure hits you but does no damage.
Pikel hits you with a +1 whip of freezing.
You die...

.... ... ########..
#........# ........
.....### #5K5..#
#######.@5..#######
.......>..........##
#######.....#####..#####
#....##.....# ##.....#
#....##.....# ##....#
#....##...).### #....#
#.....†.......# #....#
#.............# ###..##
#.............# ##..#


You could see Pikel and 3 lemures.

Vanquished Creatures
  Grinder (D:4)
  A phantom (D:4)
  A lemure (D:5)
  A necrophage (D:5)
  A scorpion (D:4)
  A hound (D:4)
  2 gnoll boudas
  2 iguanas (D:4)
  Natasha (thrice) (D:3)
  An orc wizard (D:4)
  Robin (D:3)
  17 gnolls
  5 adders
  3 dart slugs
  10 orcs
  8 endoplasms
  2 giant cockroaches
  13 hobgoblins
  11 jackals
  4 quokkas
  7 ball pythons
  4 bats
  2 frilled lizards
  16 goblins
  2 kobolds
  5 rats
124 creatures vanquished.

Vanquished Creatures (others)
  5 plants (D:3)
5 creatures vanquished.

Grand Total: 129 creatures vanquished

Notes
Turn   | Place    | Note
-------+----------+-------------------------------------------
     0 | D:1      | bande the Gargoyle Fighter began the quest for the Orb.
     0 | D:1      | Reached XP level 1. HP: 14/14 MP: 1/1
    84 | D:1      | Reached XP level 2. HP: 17/19 MP: 2/2
   308 | D:1      | Reached skill level 2 in Axes
   555 | D:1      | Reached XP level 3. HP: 15/23 MP: 3/3
  1165 | D:2      | Reached XP level 4. HP: 28/28 MP: 4/4
  1219 | D:2      | Reached skill level 3 in Axes
  1415 | D:2      | You fall into a shaft and drop 2 floors!
  1608 | D:3      | Noticed Robin
  1618 | D:3      | Killed Robin
  2276 | D:3      | Noticed Natasha
  2287 | D:3      | Killed Natasha
  2288 | D:3      | Reached XP level 5. HP: 33/33 MP: 5/5
  2302 | D:3      | Noticed Natasha
  2312 | D:3      | Killed Natasha
  2355 | D:3      | Noticed Natasha
  2363 | D:3      | Killed Natasha
  2364 | D:3      | Reached skill level 4 in Axes
  2406 | D:3      | Found a glowing silver altar of Zin.
  2410 | D:3      | Found a stormy altar of Qazlal.
  2411 | D:3      | Found a bloodstained altar of Trog.
  2413 | D:3      | Found a hazy altar of Hepliaklqana.
  2413 | D:3      | Found an ancient bone altar of Kikubaaqudgha.
  2414 | D:3      | Found a hide-covered altar of Uskayaw.
  2419 | D:3      | Found a radiant altar of Vehumet.
  2602 | D:3      | Found a faded altar of an unknown god.
  2908 | D:3      | Reached XP level 6. HP: 37/38 MP: 6/6
  3018 | D:3      | Paralysed by a gnoll for 2 turns
  3268 | D:4      | HP: 1/38 [gnoll/+0 club[a gnoll bouda] (3)]
  3270 | D:4      | Reached skill level 5 in Axes
  3489 | D:4      | Reached XP level 7. HP: 35/43 MP: 7/7
  3649 | D:4      | Found a staircase to the Ecumenical Temple.
  3650 | D:4      | Noticed Grinder
  3664 | D:4      | Killed Grinder
  3665 | D:4      | Reached skill level 1 in Evocations
  3679 | Temple   | Entered the Ecumenical Temple
  3914 | D:4      | Reached skill level 5 in Armour
  4241 | D:4      | Found a white marble altar of Elyvilon.
  4557 | D:5      | Entered Level 5 of the Dungeon
  4973 | D:4      | Reached XP level 8. HP: 42/48 MP: 8/8
  5101 | D:5      | Reached skill level 6 in Axes
  5148 | D:5      | Found a shadowy altar of Dithmenos.
  5323 | D:5      | Noticed Pikel
  5338 | D:5      | HP: 1/48 [lemure[Pikel] (3)]
  5339 | D:5      | Slain by Pikel

Illustrated notes

Levels and vault maps discovered:
D:1:      psy_arrival_dodecagon, layout_loops_corners
D:2:      layout_loops_ring
D:3:      layout_loops_ring, nicolae_overflow_hallway_of_the_gods,
          chequers_ecumenical_altar_lobes, kennysheep_generic_room_14,
          uniq_natasha, uniq_robin
D:4:      layout_loops_ring, elyvilon_altar_1,
          minmay_temple_entry_statues_pillars, uniq_grinder
D:5:      layout_basic, grunt_dithmenos_smoke_and_mirrors, uniq_blork_the_orc,
          uniq_pikel
Temple:   hellmonk_temple_rainy

Skill      XL: |  1  2  3  4  5  6  7  8 |
---------------+-------------------------+-----
Axes           | 2 3 4 5 6 |  6.1
Shields        | 4 |  4.8
Armour         | 4 5 |  5.4
Fighting       | 4 |  4.7
Evocations     | 1 2 |  2.0

Action                   |  1- 3 |  4- 6 |  7- 9 || total
-------------------------+-------+-------+-------++-------
Melee: War axe           |   110 |   210 |   141 ||   461
  Use: Scroll            |       |     7 |     2 ||     9
       Potion            |       |       |     3 ||     3
Armor: Scale mail        |    41 |       |       ||    41
       Chain mail        |    26 |   140 |   103 ||   269
Dodge: Dodged            |    60 |    78 |    67 ||   205
Block: Buckler           |    24 |    56 |    51 ||   131

Table legend: (Time is in decaauts)
 A = Elapsed time spent in this place.
 B = Non-inter-level travel time spent in this place.
 C = Inter-level travel time spent in this place.
 D = Time resting spent in this place.
 E = Time spent auto-exploring this place.
 F = Levels seen in this place.
 G = Mean time per level.
                   A        B        C        D        E       F      G
               +--------+--------+--------+--------+--------+-----+--------+
         Total |   5502 |   5414 |     88 |   1455 |   2707 |   6 |  917.0 |
       Dungeon |   5482 |   5394 |     88 |   1455 |   2707 |   5 | 1096.4 |
        Temple |     19 |     19 |      0 |      0 |      0 |   1 |   19.0 |
               +--------+--------+--------+--------+--------+-----+--------+

Top non-repeatable levels by time:
     D:4: 2009 daAuts
     D:3: 1505 daAuts
     D:1: 969 daAuts
     D:2: 715 daAuts
     D:5: 282 daAuts
  Temple: 19 daAuts
